 Dungeon Crawl Stone Soup version 0.31.0-9-g3a7656b989 (webtiles) character file.

Game seed: 8245951381775382631

38136 qw the Spry (level 13, 0/67 HPs)
             Began as a Spriggan Hunter on Feb 2, 2024.
             Was a High Priest of Okawaru.
             Slain by a death yak (21 damage)
             ... on level 5 of the Lair of Beasts.
             The game lasted 00:01:39 (12534 turns).

qw the Spry (Spriggan Hunter)                      Turns: 12534, Time: 00:01:39

Health: 0/67       AC:  3    Str:  7    XL:     13   Next: 62%
Magic:  17/21      EV: 33    Int: 10    God:    Okawaru [*****.]
Gold:   952        SH:  0    Dex: 24    Spells: 12/12 levels left

rFire   + . .        b - +4 orcbow (heavy)
rCold   . . .        (shield currently unavailable)
rNeg    + . .        p - +0 troll leather armour
rPois   .            (helmet restricted)
rElec   .            (no cloak)
rCorr   .            (gloves unavailable)
SInv    +            (boots unavailable)
Will    ++...        r - amulet of the acrobat
Stlth   ++           a - ring of positive energy
HPRegen 1.11/turn    s - ring of protection from fire
MPRegen 0.17/turn

%: acrobat
@: finesse-ful, very quick
A: very small, no large weapons, unfitting armour, see invisible, speed 3
a: Renounce Religion, Heroism, Finesse, Duel


You were on level 5 of the Lair of Beasts.
You worshipped Okawaru.
Okawaru was extremely pleased with you.
You visited 3 branches of the dungeon, and saw 16 of its levels.
You also visited: Sewer.

You collected 1196 gold pieces.
You spent 244 gold pieces at shops.


Innate Abilities, Weirdness & Mutations

You are very small and have problems with some larger weapons.
You are too small for most types of armour.
You have supernaturally acute eyesight. (SInv)
You cover ground extremely quickly. (Speed+++)


   Skills:
 - Level 7.0 Fighting
 - Level 16.0 Ranged Weapons
 - Level 1.1 Armour
 + Level 16.3 Dodging
 - Level 1.5 Stealth
 - Level 10.0 Invocations


You had 12 spell levels left.
You didn't know any spells.
Your spell library was empty.

Inventory:

Hand Weapons
 b - a +4 heavy orcbow (weapon)
Armour
 p - a +0 troll leather armour (worn)
Jewellery
 a - a ring of positive energy (left hand)
 e - a ring of ice
 n - the ring of the Priest {Ice Stlth+}
   (You found it on level 6 of the Dungeon)

   [ring of ice]

   Ice:       It enhances your ice magic.
   rF-:       It makes you vulnerable to fire.
   rC+:       It protects you from cold.
   Stlth+:    It makes you more stealthy.
 r - an amulet of the acrobat (around neck)
 s - a ring of protection from fire (right hand)
Wands
 f - a wand of digging (5)
 i - a wand of iceblast (6)
 j - a wand of polymorph (4)
 o - a wand of acid (13)
Scrolls
 c - 2 scrolls of identify
 u - a scroll of brand weapon
Potions
 d - 3 potions of magic
 g - 3 potions of enlightenment
 h - 3 potions of haste
 k - 4 potions of curing
 l - 2 potions of heal wounds
 m - 4 potions of might
 q - a potion of mutation
 t - a potion of resistance

Dungeon Overview and Level Annotations

Branches:
Dungeon (10/15)            Temple (1/1) D:7            Lair (5/5) D:10
  Swamp (0/4) Lair:3       Spider (0/4) Lair:2        Slime (0/5) Lair:4
  Sewer (visited)
    Orc: D:9-12

Altars:
Ashenzari
Cheibriados
Dithmenos
Elyvilon
Fedhas
Gozag
Hepliaklqana
Kikubaaqudgha
Makhleb
Nemelex Xobeh
Okawaru
Qazlal
Ru
Sif Muna
Trog
Uskayaw
Vehumet
Wu Jian
Xom
Yredelemnul
Zin
The Shining One

Shops:
D:6 *   D:8 (

Portals:
Trove: D:10 (give +4 demon whip)

Annotations:
D:5 1 runed translucent door, qw's ghost, novice SpHu


Message History

The death yak is lightly wounded.
The yak barely misses you. The yak completely misses you.
The death yak closely misses you.
12526 ||| INVOKING Finesse.
You can now deal lightning-fast blows.
The yak barely misses you. The yak misses you.
You shoot an arrow. The arrow hits the death yak!
The death yak is heavily wounded.
You hear a bellow!
The yak gores you! The yak gores you. The death yak gores you!
The death yak gores you but does no damage.
A yak comes into view.
The yak bellows!
12528 ||| DRINKING 3 potions of heal wounds.
You feel much better.
You hear a bellow!
The yak completely misses you. The death yak misses you.
The death yak gores you! The yak barely misses you.
A yak comes into view.
You shoot an arrow. The arrow hits the death yak!!
The death yak is severely wounded.
You shoot an arrow. The arrow hits the death yak!
The death yak is almost dead.
The yak completely misses you. The yak barely misses you.
The death yak gores you. The death yak completely misses you.
You shoot an arrow. The arrow hits the death yak!
The death yak is almost dead.
You shoot an arrow. The arrow hits the death yak!
You kill the death yak!
Okawaru accepts your kill. The death yak misses you. The yak misses you.
You shoot an arrow. The arrow barely misses the death yak.
The arrow hits the yak!!
The yak is severely wounded.
You shoot an arrow. The arrow barely misses the death yak.
The arrow hits the yak!
You kill the yak!
Okawaru accepts your kill. The death yak gores you!!
You die...
HY

# Y##. ... ..# # ..## .#
### .H# ... ###### ##.###
#Y###...# #...P#
##....####YY......
#....###......##@Y%Y.###.
.....[###......#Y..###
......# #..##.....##
......# #...###.###
.P....####...#### #
P##.##.# ##...###..#
.####### ##....%P# ##
####......## .#
#....8......#


You could see a death yak, a manticore and 5 yaks.

Vanquished Creatures
  Kirke (Lair:5)
  Nessos (Lair:3)
  Josephine (Lair:4)
  A hydra (Lair:2)
  2 catoblepae
  A two-headed ogre (D:9)
  2 death yaks (Lair:5)
  2 centaur warriors (D:9)
  Amaemon (D:9)
  An orb spider (Lair:2)
  2 orc knights (D:10)
  A deep elf pyromancer (D:9)
  A manticore (D:9)
  7 elephants (Lair:2)
  A meliai (D:9)
  A black mamba (Lair:3)
  7 cane toads
  3 torpor snails
  An orange demon (D:9)
  3 rime drakes
  8 komodo dragons
  A hornet (D:9)
  3 trolls
  2 polar bears (Lair:3)
  5 blink frogs
  4 dream sheep
  Sigmund (D:4)
  2 slime creatures (D:7)
  2 shadows
  6 wraiths
  A wyvern (D:10)
  Eustachio (D:4)
  42 yaks
  5 basilisks
  2 hogs (Lair:5)
  A human (Lair:5)
  9 vampire mosquitoes
  2 steam dragons
  An acid dragon (D:8)
  11 water moccasins
  A black bear (D:5)
  A sky beast (D:8)
  6 orc warriors
  An ice beast (D:4)
  A crocodile (Sewer)
  An ogre (D:6)
  13 wolves
  3 centaurs
  2 phantoms
  6 kobold brigands
  16 bullfrogs
  Blork the orc (D:4)
  2 gnoll sergeants
  2 scorpions
  4 wights (D:7)
  A killer bee (D:9)
  2 centaur zombies (D:5)
  2 gnoll boudas
  3 orc priests
  4 hounds
  10 jellies
  3 sleepcaps
  3 iguanas
  5 orc wizards (D:10)
  5 hell rats (Lair:1)
  2 scorpion zombies (D:5)
  A hound zombie (D:5)
  A howler monkey zombie (D:5)
  19 gnolls
  10 adders
  A shadow imp (D:4)
  A ribbon worm (D:2)
  2 dart slugs
  25 orcs
  8 ball pythons
  15 endoplasms
  5 giant cockroaches
  10 hobgoblins
  4 jackals (Sewer)
  12 kobolds
  3 quokkas
  5 bats
  A frilled lizard (D:1)
  9 goblins
  8 rats
389 creatures vanquished.

Vanquished Creatures (others)
  A slime creature (D:9)
1 creature vanquished.

Grand Total: 390 creatures vanquished

Notes
Turn   | Place    | Note
-------+----------+-------------------------------------------
     0 | D:1      | qw the Spriggan Hunter began the quest for the Orb.
     0 | D:1      | Reached XP level 1. HP: 10/10 MP: 2/2
     0 | D:1      | 0 ||| qw: Version: 0.3-a-155-g5e7d8dd
     0 | D:1      | 0 ||| qw: Game counter: 1348
     0 | D:1      | 0 ||| qw: Melee chars always use a shield: true
     0 | D:1      | 0 ||| qw: God list: Okawaru
     0 | D:1      | 0 ||| qw: Allow faded altars: false
     0 | D:1      | 0 ||| qw: Do Orc after clearing Dungeon:15 true
     0 | D:1      | 0 ||| qw: Do second Lair branch before Depths: true
     0 | D:1      | 0 ||| qw: Lair rune preference: random
     0 | D:1      | 0 ||| qw: Goals: Normal
     0 | D:1      | 0 ||| PLANNING D:1-11
    34 | D:1      | Reached skill level 3 in Dodging
   124 | D:1      | Reached XP level 2. HP: 7/14 MP: 3/3
   661 | D:1      | 661 ||| READING scroll labelled SYIL AV FODU.
   762 | D:1      | 762 ||| READING scroll labelled LOTAARATHU.
   763 | D:1      | 763 ||| READING scroll labelled GANADI HAOLE.
   864 | D:1      | 864 ||| DROPPING scroll of butterflies.
   918 | D:2      | Reached XP level 3. HP: 18/18 MP: 4/4
  1131 | D:2      | Reached XP level 4. HP: 22/22 MP: 5/5
  1417 | D:2      | 1417 ||| READING scroll labelled PECOIXTUMNY.
  1418 | D:2      | 1418 ||| READING scroll labelled HOXKEE OKLY.
  1418 | D:2      | Identified a scroll of acquirement
  1418 | D:2      | 1418 ||| ACQUIRING +2 heavy orcbow
  1418 | D:2      | Acquired a +2 heavy orcbow
  1420 | D:2      | 1420 ||| SWAPPING to +2 heavy orcbow.
  1421 | D:2      | 1421 ||| DROPPING +0 shortbow.
  1845 | D:3      | Found a white marble altar of Elyvilon.
  2245 | D:3      | Found a faded altar of an unknown god.
  2246 | D:3      | 2246 ||| UPGRADING to ring of positive energy.
  2247 | D:3      | 2247 ||| DRINKING 2 sedimented amethyst potions.
  2274 | D:3      | 2274 ||| DROPPING potion of lignification.
  2419 | D:4      | Noticed Blork the orc
  2421 | D:4      | 2421 ||| ZAPPING wand of acid (10) at 5,-1 (Blork the orc;
                  | floor).
  2422 | D:4      | 2422 ||| ZAPPING wand of acid (9) at 5,-1 (Blork the orc;
                  | floor).
  2423 | D:4      | 2423 ||| ZAPPING wand of acid (8) at 4,-1 (Blork the orc;
                  | floor).
  2423 | D:4      | Killed Blork the orc
  2424 | D:4      | Reached XP level 5. HP: 27/27 MP: 6/6
  2479 | D:4      | Noticed Sigmund
  2482 | D:4      | 2482 ||| ZAPPING wand of acid (7) at 4,3 (Sigmund; floor).
  2483 | D:4      | 2483 ||| ZAPPING wand of acid (6) at 3,2 (Sigmund; floor).
  2483 | D:4      | Noticed an ice beast
  2484 | D:4      | 2484 ||| ZAPPING wand of acid (5) at 2,1 (Sigmund; floor).
  2484 | D:4      | Killed Sigmund
  2485 | D:4      | Reached skill level 6 in Ranged Weapons
  2485 | D:4      | Reached XP level 6. HP: 32/32 MP: 7/7
  2486 | D:4      | 2486 ||| ZAPPING wand of acid (4) at 4,3 (ice beast;
                  | floor).
  2487 | D:4      | 2487 ||| ZAPPING wand of acid (3) at 3,3 (ice beast;
                  | floor).
  2488 | D:4      | 2488 ||| ZAPPING wand of acid (2) at 2,2 (ice beast;
                  | floor).
  2488 | D:4      | Killed an ice beast
  2489 | D:4      | Reached skill level 6 in Dodging
  2732 | D:4      | Noticed Eustachio
  2734 | D:4      | 2734 ||| FLEEEEING.
  2736 | D:4      | 2736 ||| FLEEEEING.
  2737 | D:4      | 2737 ||| FLEEEEING.
  2739 | D:4      | 2739 ||| FLEEEEING.
  2740 | D:4      | 2740 ||| FLEEEEING.
  2741 | D:4      | 2741 ||| FLEEEEING.
  2745 | D:4      | 2745 ||| FLEEEEING.
  2749 | D:4      | 2749 ||| ZAPPING wand of acid (1) at -1,2 (Eustachio;
                  | floor).
  2749 | D:4      | HP: 3/32 [Eustachio/puff of flame (10)]
  2752 | D:4      | 2752 ||| FLEEEEING.
  2753 | D:4      | 2753 ||| FLEEEEING.
  2760 | D:4      | Killed Eustachio
  2761 | D:4      | Reached XP level 7. HP: 7/35 MP: 8/8
  3614 | D:4      | 3614 ||| READING scroll labelled GEKKAHONOSH.
  3614 | D:4      | 3614 ||| ENCHANTING +2 heavy orcbow.
  3615 | D:4      | 3615 ||| READING scroll labelled BEGIVVE ACVU.
  3616 | D:4      | 3616 ||| READING scroll labelled UCOFUW PONOARPH.
  3617 | D:4      | 3617 ||| READING scroll labelled POIMUN TUIGIRO.
  3618 | D:4      | 3618 ||| READING scroll labelled VIGERO ACLYXU.
  3618 | D:4      | 3618 ||| IDENTIFYING green potion
  3619 | D:4      | 3619 ||| DRINKING 2 fizzy grey potions.
  3621 | D:4      | 3621 ||| Stepping ~*~*~tactically~*~*~ (cloud).
  3729 | D:5      | Entered Level 5 of the Dungeon
  3734 | D:5      | Found a snail-covered altar of Cheibriados.
  4012 | D:5      | Found a runed translucent door.
  4044 | D:5      | Reached XP level 8. HP: 39/39 MP: 9/9
  4184 | D:5      | Noticed qw's ghost (novice SpHu)
  4357 | D:5      | 4357 ||| READING 4 scrolls of identify.
  4357 | D:5      | 4357 ||| IDENTIFYING fuming silvery potion
  4358 | D:5      | 4358 ||| READING 3 scrolls of identify.
  4358 | D:5      | 4358 ||| IDENTIFYING amethyst potion
  4359 | D:5      | 4359 ||| READING 2 scrolls of identify.
  4359 | D:5      | 4359 ||| IDENTIFYING purple potion
  4360 | D:5      | 4360 ||| READING scroll of identify.
  4360 | D:5      | 4360 ||| IDENTIFYING bubbling ruby potion
  4361 | D:5      | 4361 ||| DROPPING potion of degeneration.
  4362 | D:5      | 4362 ||| DROPPING potion of brilliance.
  4387 | D:6      | 4387 ||| PLANNING SEWER
  4388 | D:6      | Reached skill level 3 in Fighting
  4505 | D:6      | Reached skill level 9 in Ranged Weapons
  4544 | D:6      | Identified the ring of the Priest {Ice Stlth+}
  4561 | D:6      | Found a glowing drain.
  4562 | D:6      | 4562 ||| READING scroll of identify.
  4562 | D:6      | 4562 ||| IDENTIFYING coppery potion
  4563 | D:6      | 4563 ||| READING scroll labelled BYURER QUCOHE.
  4564 | D:6      | 4564 ||| READING scroll labelled DAORONTYAWEL.
  4565 | D:6      | 4565 ||| DROPPING potion of magic.
  4582 | D:6      | 4582 ||| RETREEEEATING.
  4583 | D:6      | 4583 ||| RETREEEEATING.
  4584 | D:6      | 4584 ||| RETREEEEATING.
  4585 | D:6      | 4585 ||| RETREEEEATING.
  4586 | D:6      | 4586 ||| RETREEEEATING.
  4587 | D:6      | 4587 ||| RETREEEEATING.
  4588 | D:6      | 4588 ||| RETREEEEATING.
  4589 | D:6      | 4589 ||| RETREEEEATING.
  4590 | D:6      | 4590 ||| RETREEEEATING.
  4591 | D:6      | 4591 ||| RETREEEEATING.
  4592 | D:6      | 4592 ||| RETREEEEATING.
  4593 | D:6      | 4593 ||| RETREEEEATING.
  4594 | D:6      | 4594 ||| RETREEEEATING.
  4595 | D:6      | 4595 ||| FLEEEEING.
  4596 | D:6      | 4596 ||| FLEEEEING.
  4597 | D:6      | 4597 ||| FLEEEEING.
  4598 | D:6      | 4598 ||| FLEEEEING.
  4599 | D:6      | 4599 ||| FLEEEEING.
  4600 | D:6      | 4600 ||| FLEEEEING.
  4601 | D:6      | 4601 ||| FLEEEEING.
  4602 | D:6      | 4602 ||| FLEEEEING.
  4603 | D:6      | 4603 ||| FLEEEEING.
  4604 | D:6      | 4604 ||| FLEEEEING.
  4605 | D:6      | 4605 ||| STAIRDANCE
  4677 | D:6      | 4677 ||| STAIRDANCE
  4679 | D:5      | 4679 ||| DRINKING potion of haste.
  4682 | D:5      | Reached skill level 9 in Dodging
  4708 | D:6      | 4708 ||| STAIRDANCE
  4768 | Sewer    | Entered a sewer
  4863 | Sewer    | 4863 ||| READING scroll labelled MEHAHUL UTIR.
  4867 | Sewer    | 4867 ||| DRINKING 2 sapphire potions.
  4898 | D:6      | 4898 ||| PLANNING D:1-11
  4904 | D:6      | Found Ecsiph's General Store.
  4905 | D:6      | Found Quoshryro's Specific Store.
  4908 | D:6      | 4908 ||| BUYING potion of curing (36 gold).
  4908 | D:6      | Bought a potion of curing for 36 gold pieces
  4912 | D:6      | 4912 ||| BUYING potion of haste (130 gold).
  4912 | D:6      | Bought a potion of haste for 130 gold pieces
  4912 | D:6      | 4912 ||| BUYING potion of might (52 gold).
  4912 | D:6      | Bought a potion of might for 52 gold pieces
  4912 | D:6      | 4912 ||| BUYING scroll of identify (26 gold).
  4912 | D:6      | Bought a scroll of identify for 26 gold pieces
  5211 | D:6      | 5211 ||| DROPPING +6 ring of intelligence.
  5212 | D:6      | 5212 ||| READING scroll of identify.
  5212 | D:6      | 5212 ||| IDENTIFYING blue potion
  5213 | D:6      | 5213 ||| DROPPING potion of berserk rage.
  5236 | D:7      | 5236 ||| FLEEEEING.
  5237 | D:7      | 5237 ||| FLEEEEING.
  5237 | D:7      | Found a staircase to the Ecumenical Temple.
  5238 | D:7      | 5238 ||| PLANNING TEMPLE
  5239 | D:7      | 5239 ||| FLEEEEING.
  5240 | D:7      | 5240 ||| FLEEEEING.
  5241 | D:7      | 5241 ||| FLEEEEING.
  5242 | D:7      | 5242 ||| FLEEEEING.
  5243 | D:7      | 5243 ||| FLEEEEING.
  5246 | D:7      | 5246 ||| FLEEEEING.
  5247 | D:7      | 5247 ||| FLEEEEING.
  5249 | D:7      | 5249 ||| FLEEEEING.
  5250 | D:7      | 5250 ||| STAIRDANCE
  5324 | D:7      | 5324 ||| RETREEEEATING.
  5325 | D:7      | 5325 ||| RETREEEEATING.
  5326 | D:7      | 5326 ||| RETREEEEATING.
  5329 | D:7      | Reached XP level 9. HP: 44/44 MP: 10/10
  5343 | D:7      | 5343 ||| FLEEEEING.
  5344 | D:7      | 5344 ||| FLEEEEING.
  5346 | D:7      | 5346 ||| FLEEEEING.
  5381 | D:7      | 5381 ||| FLEEEEING.
  5383 | D:7      | 5383 ||| FLEEEEING.
  5385 | D:7      | 5385 ||| FLEEEEING.
  5418 | D:7      | 5418 ||| DROPPING wand of flame (23).
  5434 | Temple   | Entered the Ecumenical Temple
  5435 | Temple   | 5435 ||| PLANNING OKAWARU WORSHIP
  5445 | Temple   | Became a worshipper of Warmaster Okawaru
  5446 | Temple   | 5446 ||| PLANNING D:1-11
  5902 | D:7      | HP: 5/45 [kobold brigand/+0 club (7)]
  5903 | D:7      | 5903 ||| DRINKING potion of heal wounds.
  5909 | D:7      | HP: 11/45 [kobold/+0 dagger (4)]
  6114 | D:7      | Reached * piety under Okawaru
  6122 | D:7      | Reached skill level 1 in Invocations
  6152 | D:7      | Found a white marble altar of Elyvilon.
  6152 | D:7      | Found a shimmering blue altar of Sif Muna.
  6152 | D:7      | Found a snail-covered altar of Cheibriados.
  6152 | D:7      | Found a bloodstained altar of Trog.
  6152 | D:7      | Found a shadowy altar of Dithmenos.
  6152 | D:7      | Found a shadowy altar of Dithmenos.
  6269 | D:7      | 6269 ||| UPGRADING to +0 steam dragon scales.
  6279 | D:7      | 6279 ||| DROPPING +0 robe.
  6280 | D:7      | 6280 ||| READING scroll of identify.
  6280 | D:7      | 6280 ||| IDENTIFYING cyan potion
  6281 | D:7      | 6281 ||| READING scroll labelled LIZYHI ZOMN.
  6282 | D:7      | 6282 ||| READING scroll labelled OSHEQUTUIG.
  6282 | D:7      | 6282 ||| ENCHANTING +0 steam dragon scales.
  6283 | D:7      | 6283 ||| DROPPING potion of attraction.
  6417 | D:8      | Reached skill level 1 in Armour
  6557 | D:8      | Reached skill level 3 in Invocations
  6563 | D:8      | Reached ** piety under Okawaru
  6567 | D:8      | Reached XP level 10. HP: 48/49 MP: 13/13
  6705 | D:8      | Found Xyvel's Weapon Emporium.
  6820 | D:8      | Identified the +1 robe of an ossuary {Fly Str+3 Dex-4}
  6860 | D:8      | Found an ornate altar of the Wu Jian Council.
  6991 | D:8      | 6991 ||| DROPPING +1 robe of an ossuary {Fly Str+3 Dex-4}.
  6992 | D:8      | 6992 ||| READING 2 scrolls of identify.
  6992 | D:8      | 6992 ||| IDENTIFYING glowing orange potion
  6993 | D:8      | 6993 ||| READING scroll of identify.
  6993 | D:8      | 6993 ||| IDENTIFYING emerald potion
  6994 | D:8      | 6994 ||| DROPPING potion of invisibility.
  7025 | D:9      | Noticed Amaemon
  7026 | D:9      | 7026 ||| INVOKING Heroism.
  7027 | D:9      | Noticed an orange demon
  7028 | D:9      | 7028 ||| RETREEEEATING.
  7041 | D:9      | Killed Amaemon
  7042 | D:9      | Reached skill level 12 in Dodging
  7042 | D:9      | HP: 12/49 [poisoned by an orange demon]
  7044 | D:9      | Killed an orange demon
  7047 | D:9      | HP: 6/49 [poisoned by an orange demon]
  7233 | D:9      | 7233 ||| RETREEEEATING.
  7235 | D:9      | 7235 ||| RETREEEEATING.
  7238 | D:9      | 7238 ||| RETREEEEATING.
  7239 | D:9      | Reached *** piety under Okawaru
  7243 | D:9      | 7243 ||| RETREEEEATING.
  7245 | D:9      | 7245 ||| RETREEEEATING.
  7253 | D:9      | HP: 12/49 [yak (8)]
  7254 | D:9      | Reached skill level 12 in Ranged Weapons
  7460 | D:9      | 7460 ||| RETREEEEATING.
  7462 | D:9      | 7462 ||| RETREEEEATING.
  7467 | D:9      | 7467 ||| RETREEEEATING.
  7468 | D:9      | 7468 ||| RETREEEEATING.
  7469 | D:9      | 7469 ||| INVOKING Heroism.
  7620 | D:9      | Noticed a two-headed ogre
  7620 | D:9      | Noticed a centaur warrior
  7621 | D:9      | 7621 ||| INVOKING Heroism.
  7622 | D:9      | Noticed a deep elf pyromancer
  7623 | D:9      | Noticed a manticore
  7625 | D:9      | 7625 ||| DRINKING 2 potions of haste.
  7625 | D:9      | Identified the +3 quarterstaff of Eternal Harmony {spect,
                  | rC+ rN+}
  7625 | D:9      | Noticed a centaur warrior
  7628 | D:9      | Killed a two-headed ogre
  7628 | D:9      | Reached **** piety under Okawaru
  7631 | D:9      | Reached XP level 11. HP: 56/56 MP: 13/15
  7631 | D:9      | Killed a centaur warrior
  7642 | D:9      | Killed a centaur warrior
  7655 | D:9      | Killed a deep elf pyromancer
  7655 | D:9      | Reached ***** piety under Okawaru
  7794 | D:9      | 7794 ||| READING scroll of enchant weapon.
  7794 | D:9      | 7794 ||| ENCHANTING +3 heavy orcbow.
  8047 | D:9      | 8047 ||| UPGRADING to +0 troll leather armour.
  8057 | D:9      | 8057 ||| DROPPING +1 steam dragon scales.
  8058 | D:9      | 8058 ||| DROPPING +2 robe of cold resistance.
  8059 | D:9      | 8059 ||| UPGRADING to amulet of the acrobat.
  8064 | D:9      | 8064 ||| READING scroll of identify.
  8064 | D:9      | 8064 ||| IDENTIFYING viscous inky potion
  8065 | D:9      | 8065 ||| READING scroll labelled FAXOX NEOPPEMM.
  8100 | D:10     | Entered Level 10 of the Dungeon
  8145 | D:10     | 8145 ||| RETREEEEATING.
  8147 | D:10     | 8147 ||| RETREEEEATING.
  8174 | D:10     | 8174 ||| RETREEEEATING.
  8176 | D:10     | 8176 ||| RETREEEEATING.
  8179 | D:10     | 8179 ||| RETREEEEATING.
  8180 | D:10     | 8180 ||| RETREEEEATING.
  8181 | D:10     | 8181 ||| RETREEEEATING.
  8182 | D:10     | 8182 ||| RETREEEEATING.
  8183 | D:10     | 8183 ||| RETREEEEATING.
  8184 | D:10     | 8184 ||| RETREEEEATING.
  8269 | D:10     | Found a portal to a secret trove of treasure.
  8293 | D:10     | Received a gift from Okawaru
  8294 | D:10     | Reached skill level 6 in Invocations
  8446 | D:10     | Found a staircase to the Lair.
  8568 | D:10     | Noticed an orc knight
  8569 | D:10     | 8569 ||| INVOKING Finesse.
  8578 | D:10     | Killed an orc knight
  8580 | D:10     | Noticed an orc knight
  8605 | D:10     | HP: 5/56 [orc knight/+3 battleaxe (15)]
  8606 | D:10     | 8606 ||| DRINKING 2 potions of heal wounds.
  8607 | D:10     | 8607 ||| DRINKING potion of heal wounds.
  8609 | D:10     | Killed an orc knight
  8666 | D:10     | Identified the +10 mace of a Billion Curses {drain, rPois
                  | rC+ Str-2}
  8742 | D:10     | Found a radiant altar of Vehumet.
  9004 | D:10     | 9004 ||| PLANNING LAIR
  9060 | Lair:1   | Entered Level 1 of the Lair of Beasts
  9069 | Lair:1   | 9069 ||| RETREEEEATING.
  9071 | Lair:1   | 9071 ||| RETREEEEATING.
  9073 | Lair:1   | 9073 ||| RETREEEEATING.
  9151 | Lair:1   | 9151 ||| RETREEEEATING.
  9154 | Lair:1   | 9154 ||| RETREEEEATING.
  9156 | Lair:1   | 9156 ||| INVOKING Finesse.
  9320 | Lair:1   | 9320 ||| RETREEEEATING.
  9388 | Lair:1   | Received a gift from Okawaru
  9415 | Lair:1   | Noticed a catoblepas
  9416 | Lair:1   | 9416 ||| ZAPPING wand of acid (8) at 2,-3 (catoblepas;
                  | floor).
  9417 | Lair:1   | 9417 ||| Stepping ~*~*~tactically~*~*~ (cloud).
  9418 | Lair:1   | 9418 ||| Stepping ~*~*~tactically~*~*~ (cloud).
  9419 | Lair:1   | 9419 ||| ZAPPING wand of acid (7) at 3,-2 (catoblepas;
                  | floor).
  9420 | Lair:1   | 9420 ||| ZAPPING wand of acid (6) at 3,-2 (catoblepas;
                  | floor).
  9421 | Lair:1   | 9421 ||| INVOKING Finesse.
  9423 | Lair:1   | 9423 ||| Stepping ~*~*~tactically~*~*~ (cloud).
  9426 | Lair:1   | Killed a catoblepas
  9427 | Lair:1   | Reached XP level 12. HP: 42/60 MP: 13/19
  9797 | Lair:1   | 9797 ||| DROPPING ring of wizardry.
  9863 | Lair:2   | 9863 ||| RETREEEEATING.
  9865 | Lair:2   | 9865 ||| RETREEEEATING.
  9866 | Lair:2   | 9866 ||| RETREEEEATING.
  9882 | Lair:2   | 9882 ||| RETREEEEATING.
  9883 | Lair:2   | 9883 ||| RETREEEEATING.
  9884 | Lair:2   | 9884 ||| RETREEEEATING.
  9885 | Lair:2   | 9885 ||| RETREEEEATING.
  9886 | Lair:2   | 9886 ||| RETREEEEATING.
  9887 | Lair:2   | 9887 ||| RETREEEEATING.
  9888 | Lair:2   | 9888 ||| RETREEEEATING.
  9890 | Lair:2   | 9890 ||| RETREEEEATING.
  9892 | Lair:2   | 9892 ||| RETREEEEATING.
  9894 | Lair:2   | Reached skill level 9 in Invocations
  9895 | Lair:2   | 9895 ||| RETREEEEATING.
  9896 | Lair:2   | 9896 ||| RETREEEEATING.
  9897 | Lair:2   | 9897 ||| RETREEEEATING.
  9898 | Lair:2   | 9898 ||| RETREEEEATING.
  9899 | Lair:2   | 9899 ||| RETREEEEATING.
  9900 | Lair:2   | 9900 ||| RETREEEEATING.
  9901 | Lair:2   | 9901 ||| RETREEEEATING.
  9904 | Lair:2   | 9904 ||| RETREEEEATING.
  9905 | Lair:2   | 9905 ||| RETREEEEATING.
  9906 | Lair:2   | 9906 ||| RETREEEEATING.
  9962 | Lair:2   | Received a gift from Okawaru
 10021 | Lair:2   | Found a hole to the Spider Nest.
 10025 | Lair:2   | Reached skill level 6 in Fighting
 10041 | Lair:2   | 10041 ||| RETREEEEATING.
 10045 | Lair:2   | 10045 ||| RETREEEEATING.
 10051 | Lair:2   | 10051 ||| RETREEEEATING.
 10052 | Lair:2   | 10052 ||| RETREEEEATING.
 10054 | Lair:2   | 10054 ||| RETREEEEATING.
 10056 | Lair:2   | 10056 ||| RETREEEEATING.
 10056 | Lair:2   | Noticed a seven-headed hydra
 10057 | Lair:2   | 10057 ||| RETREEEEATING.
 10058 | Lair:2   | 10058 ||| RETREEEEATING.
 10060 | Lair:2   | 10060 ||| RETREEEEATING.
 10061 | Lair:2   | 10061 ||| RETREEEEATING.
 10063 | Lair:2   | 10063 ||| RETREEEEATING.
 10064 | Lair:2   | 10064 ||| RETREEEEATING.
 10065 | Lair:2   | 10065 ||| RETREEEEATING.
 10068 | Lair:2   | 10068 ||| RETREEEEATING.
 10069 | Lair:2   | 10069 ||| RETREEEEATING.
 10070 | Lair:2   | 10070 ||| RETREEEEATING.
 10072 | Lair:2   | 10072 ||| RETREEEEATING.
 10073 | Lair:2   | 10073 ||| RETREEEEATING.
 10076 | Lair:2   | 10076 ||| RETREEEEATING.
 10077 | Lair:2   | 10077 ||| RETREEEEATING.
 10078 | Lair:2   | 10078 ||| RETREEEEATING.
 10079 | Lair:2   | 10079 ||| RETREEEEATING.
 10081 | Lair:2   | 10081 ||| INVOKING Finesse.
 10086 | Lair:2   | Killed a seven-headed hydra
 10503 | Lair:2   | 10503 ||| UPGRADING to ring of protection from fire.
 10505 | Lair:2   | Identified the +1 plate armour "Lizapryg" {rElec rF+
                  | Slay+2}
 10529 | Lair:3   | 10529 ||| STAIRDANCE
 10533 | Lair:2   | Reached skill level 15 in Ranged Weapons
 10619 | Lair:3   | Received a gift from Okawaru
 10782 | Lair:3   | Noticed Nessos
 10783 | Lair:3   | 10783 ||| INVOKING Finesse.
 10789 | Lair:3   | Killed Nessos
 10852 | Lair:3   | Found a staircase to the Swamp.
 10858 | Lair:3   | Reached XP level 13. HP: 65/65 MP: 21/21
 10890 | Lair:3   | 10890 ||| RETREEEEATING.
 10891 | Lair:3   | 10891 ||| RETREEEEATING.
 10892 | Lair:3   | 10892 ||| RETREEEEATING.
 10893 | Lair:3   | 10893 ||| RETREEEEATING.
 10900 | Lair:3   | Reached skill level 15 in Dodging
 11655 | Lair:4   | Found a staircase to the Slime Pits.
 11881 | Lair:4   | 11881 ||| RETREEEEATING.
 11882 | Lair:4   | 11882 ||| RETREEEEATING.
 11883 | Lair:4   | 11883 ||| RETREEEEATING.
 11884 | Lair:4   | 11884 ||| RETREEEEATING.
 11885 | Lair:4   | 11885 ||| RETREEEEATING.
 11886 | Lair:4   | 11886 ||| RETREEEEATING.
 11887 | Lair:4   | 11887 ||| RETREEEEATING.
 11888 | Lair:4   | 11888 ||| RETREEEEATING.
 11889 | Lair:4   | 11889 ||| INVOKING Finesse.
 11980 | Lair:4   | 11980 ||| RETREEEEATING.
 11981 | Lair:4   | 11981 ||| RETREEEEATING.
 11982 | Lair:4   | 11982 ||| RETREEEEATING.
 11983 | Lair:4   | 11983 ||| RETREEEEATING.
 11986 | Lair:4   | 11986 ||| RETREEEEATING.
 11987 | Lair:4   | 11987 ||| RETREEEEATING.
 11988 | Lair:4   | 11988 ||| RETREEEEATING.
 11990 | Lair:4   | 11990 ||| RETREEEEATING.
 12003 | Lair:4   | 12003 ||| INVOKING Finesse.
 12037 | Lair:4   | Noticed Josephine
 12038 | Lair:4   | 12038 ||| INVOKING Finesse.
 12042 | Lair:4   | Killed Josephine
 12202 | Lair:4   | 12202 ||| READING 3 scrolls of identify.
 12202 | Lair:4   | 12202 ||| IDENTIFYING scroll labelled BAD CEIDOGO
 12223 | Lair:5   | Entered Level 5 of the Lair of Beasts
 12224 | Lair:5   | 12224 ||| RETREEEEATING.
 12225 | Lair:5   | 12225 ||| RETREEEEATING.
 12227 | Lair:5   | 12227 ||| RETREEEEATING.
 12228 | Lair:5   | 12228 ||| RETREEEEATING.
 12229 | Lair:5   | 12229 ||| RETREEEEATING.
 12230 | Lair:5   | 12230 ||| RETREEEEATING.
 12231 | Lair:5   | 12231 ||| RETREEEEATING.
 12232 | Lair:5   | 12232 ||| RETREEEEATING.
 12233 | Lair:5   | 12233 ||| RETREEEEATING.
 12234 | Lair:5   | 12234 ||| INVOKING Finesse.
 12267 | Lair:5   | Received a gift from Okawaru
 12294 | Lair:5   | Noticed Kirke
 12295 | Lair:5   | 12295 ||| INVOKING Finesse.
 12299 | Lair:5   | 12299 ||| RETREEEEATING.
 12300 | Lair:5   | 12300 ||| RETREEEEATING.
 12306 | Lair:5   | 12306 ||| RETREEEEATING.
 12307 | Lair:5   | 12307 ||| RETREEEEATING.
 12308 | Lair:5   | 12308 ||| RETREEEEATING.
 12321 | Lair:5   | Killed Kirke
 12513 | Lair:5   | 12513 ||| RETREEEEATING.
 12515 | Lair:5   | 12515 ||| RETREEEEATING.
 12516 | Lair:5   | 12516 ||| RETREEEEATING.
 12517 | Lair:5   | 12517 ||| RETREEEEATING.
 12518 | Lair:5   | 12518 ||| RETREEEEATING.
 12519 | Lair:5   | 12519 ||| RETREEEEATING.
 12520 | Lair:5   | 12520 ||| RETREEEEATING.
 12526 | Lair:5   | 12526 ||| INVOKING Finesse.
 12527 | Lair:5   | HP: 14/67 [death yak (9)]
 12528 | Lair:5   | 12528 ||| DRINKING 3 potions of heal wounds.
 12534 | Lair:5   | Slain by a death yak

Levels and vault maps discovered:
D:1:      minmay_arrival_arboretum_large, layout_basic
D:2:      layout_loops_ring, serial_park_tiny_1
D:3:      minmay_wonky_spiral, layout_basic, nicolae_elyvilon_peaceful_grove,
          shapermc_ecumenical_altar_acropolis, minmay_fountain_box,
          hex_intersection, nicolae_underground_beach
D:4:      layout_layer_cave, minmay_cupped, uniq_sigmund, uniq_eustachio,
          uniq_blork_the_orc
D:5:      layout_basic, cheibriados_altar_1, ebering_ghost_sewer_d,
          serial_undead, serial_undead_b, serial_undead_c, serial_undead_b,
          serial_undead_d
D:6:      layout_cave_pools, cheibrodos_sewer_entry_drain,
          nicolae_specific_store
D:7:      cheibrodos_fertilizer, layout_cave_pools,
          minmay_temple_entry_sparse_star
D:8:      layout_loops_cross, kennysheep_little_box, serial_shops,
          nicolae_shop_bloodbath_and_beyond
D:9:      minmay_the_grid_triangle_9x9_rhombus_thin
          [minmay_the_grid_triangle_9x9_longest,
          minmay_the_grid_triangle_9x9_prize_schism,
          minmay_the_grid_triangle_9x9_steps,
          minmay_the_grid_triangle_9x9_impossible_snake], layout_rooms,
          uniq_amaemon
D:10:     layout_irregular_city, amcnicky_altar_gilded,
          erik_lair_orcish_takeover, enter_trove_1, eino_tiny_chamber,
          lightli_church_of_beogh
Temple:   mainiacjoe_temple_coin_purse
Lair:1:   layout_chaotic_city, grunt_megastairs_4
Lair:2:   hellmonk_ruined_rings, layout_concentric_octagons,
          nicolae_spider_entry_orb_guardian, evilmike_ambush
          [evilmike_ambush_outer_corners, evilmike_ambush_inner_basic]
Lair:3:   layout_small_grid, swamp_mist_pool, uniq_nessos
Lair:4:   layout_hall_layers, nicolae_slime_entry_slimehenge, minmay_holes,
          bh_autumn_forest_stairs, uniq_josephine
Lair:5:   evilmike_catoblepas_cave, layout_long_grid, serial_bayou_shore_a,
          grunt_megastairs_5, infiniplex_staircase_pool_2, uniq_kirke

Skill      XL: |  1  2  3  4  5  6  7  8  9 10 11 12 13 |
---------------+----------------------------------------+-----
Dodging        | 3 4 5 6 7 9 11 13 14 16 | 16.3
Ranged Weapons | 5 6 7 8 9 10 12 13 15 16 | 16.0
Fighting       | 2 3 4 5 6 7 |  7.0
Invocations    | 3 4 8 10 | 10.0
Armour         | 1 |  1.1
Stealth        | |  1.5

Action                     |  1- 3 |  4- 6 |  7- 9 | 10-12 | 13-15 || total
---------------------------+-------+-------+-------+-------+-------++-------
   Fire: Shortbow          |    87 |    13 |       |       |       ||   100
         Orcbow            |       |    47 |   253 |   501 |   231 ||  1032
 Invoke: Heroism           |       |       |       |     3 |       ||     3
         Finesse           |       |       |       |     5 |     6 ||    11
  Evoke: Wand              |       |    10 |       |     3 |       ||    13
    Use: Scroll            |     3 |     2 |    17 |     5 |     1 ||    28
         Potion            |       |     1 |     4 |     3 |     1 ||     9
 Armour: Robe              |     5 |     5 |    40 |       |       ||    50
         Steam dragon scal |       |       |     5 |    18 |       ||    23
         Troll leather arm |       |       |       |    68 |    29 ||    97
  Dodge: Dodged            |    15 |    23 |   218 |   387 |    78 ||   721

Table legend:
 A = Non-vault XP
 B = Vault XP
 C = Vault XP percentage of total XP
 D = Non-vault monster count
 E = Vault monster count
 F = Vault count percentage of total count
                 A         B        C        D         E       F
            +---------+---------+-------+---------+---------+-------
      Total |   35227 |   19455 |  35.6 |     263 |     125 |  32.2
            +---------+---------+-------+---------+---------+-------
        D:1 |      32 |       0 |   0.0 |      20 |       0 |   0.0
        D:2 |      76 |       0 |   0.0 |      21 |       0 |   0.0
        D:3 |      18 |       9 |  33.3 |       9 |       5 |  35.7
        D:4 |     285 |     533 |  65.2 |      13 |       7 |  35.0
        D:5 |     530 |     301 |  36.2 |      18 |       7 |  28.0
        D:6 |     656 |       2 |   0.3 |      12 |       2 |  14.3
        D:7 |    1157 |     976 |  45.8 |      20 |      16 |  44.4
        D:8 |    1475 |       0 |   0.0 |      18 |       0 |   0.0
        D:9 |    1847 |    5118 |  73.5 |       8 |      14 |  63.6
       D:10 |    3299 |    2076 |  38.6 |      22 |      30 |  57.7
     Lair:1 |    4314 |     567 |  11.6 |      18 |       8 |  30.8
     Lair:2 |    9560 |    1392 |  12.7 |      35 |       4 |  10.3
     Lair:3 |    4684 |    1070 |  18.6 |      19 |       1 |   5.0
     Lair:4 |    3032 |    2235 |  42.4 |      15 |      14 |  48.3
     Lair:5 |    4262 |    5046 |  54.2 |      15 |      11 |  42.3
      Sewer |       0 |     130 | 100.0 |       0 |       6 | 100.0
            +---------+---------+-------+---------+---------+-------
